 Dungeon Crawl Stone Soup version 0.31-a0-233-g139696dc86 (webtiles) character file.

Game seed: 11181969359061604830

29 protoss039 the Digger (level 3, 26/26 HPs)
             Began as a Demonspawn Earth Elementalist on July 9, 2023.
             Got out of the dungeon alive.
             The game lasted 00:01:12 (913 turns).

protoss039 the Digger (DsEE)                         Turns: 913, Time: 00:01:12

Health: 26/26      AC:  5    Str:  8    XL:     3   Next: 1%
Magic:  6/6        EV: 10    Int: 18    God:
Gold:   44         SH:  0    Dex: 13    Spells: 4/7 levels left

rFire   . . .        c - +2 dagger (venom)
rCold   . . .        (no shield)
rNeg    . . .        i - +0 ring mail
rPois   .            (no helmet)
rElec   .            (no cloak)
rCorr   .            (no gloves)
SInv    .            (no boots)
Will    .....        (no amulet)
Stlth   +            (no ring)
HPRegen 0.24/turn    (no ring)
MPRegen 0.10/turn

%: no passive effects
@: no status effects
A: spiny 1, demonic touch 1
a: no special abilities


You escaped.
You visited 1 branch of the dungeon, and saw 1 of its levels.

You collected 44 gold pieces.

Inventory:

Hand Weapons
 c - a +2 dagger of venom (weapon)
Armour
 a - a +0 robe
 i - a +0 ring mail (worn)
Jewellery
 e - a ring of positive energy
Scrolls
 d - 2 scrolls of enchant weapon {unknown}
 f - a scroll of amnesia {unknown}
 g - a scroll of teleportation {unknown}
 h - a scroll of identify {unknown}
Potions
 b - a potion of magic


   Skills:
 + Level 1.3 Fighting
 - Level 1.7 Dodging
 - Level 1.7 Stealth
 + Level 2.5 Spellcasting
 - Level 1.0 Transmutations
 + Level 3.1 Earth Magic


You had 4 spell levels left.
You knew the following spells:

 Your Spells              Type           Power      Damage    Failure   Level
a - Sandblast             Erth           26%        2d8       16%         1
b - Passwall              Tmut/Erth      7%         N/A       34%         2

Your spell library contained the following spells:

 Spells                   Type           Power      Damage    Failure   Level
 Stone Arrow              Conj/Erth      14%        3d7       63%         3
 Petrify                  Tmut/Erth      9%         N/A       92%         4


Dungeon Overview and Level Annotations

Branches:
Dungeon (1/15) Zot: 5083

Altars:


Innate Abilities, Weirdness & Mutations

You are partially covered in sharp spines.
Your touch may inflict minor irresistible damage on your foes.


Message History

Unknown command.
A jackal is nearby!
Casting: Sandblast (safe; 17% risk of failure)
Confirm with . or Enter, or press ? or * to list all spells.
Aiming: Sandblast (safe; 17% risk of failure)
Press: ? - help, Shift-Dir - straight line, f/p - jackal
Aim: a jackal (moderately wounded, 77% to hit)
The blast of sand hits the jackal but does no damage.
The jackal is moderately wounded.
The jackal bites you.
The jackal bites you but does no damage.
You are too injured to fight recklessly!
Unknown command.
You are too injured to fight recklessly!
Unknown command.
You closely miss the jackal.
You touch the jackal.
You kill the jackal!
You have reached level 3!
Your experience leads to an increase in your attributes!
Increase (S)trength, (I)ntelligence, or (D)exterity?
You feel clever. x2; Your demonic ancestry asserts itself...
Sharp spines emerge from parts of your body.
Unknown command.
You see here a jackal corpse.
You open the large door.
There is a large open door here.
There is a large open door here.
As you open the door, it creaks loudly!
Done exploring.
No target in view!
Done exploring.
No target in view!
Done exploring.
Done exploring.
No target in view!
Done exploring.
There is an open door here.
There is a staircase leading out of the dungeon here.
Are you sure you want to leave the Dungeon?
This will make you lose the game!
You have escaped!

.....#.# #.....# #.........#
.....#.#####.#.#.# #############
.....#.#.......#'# #.......
..[..#.#.#..####.#### #.######
.....#.#.#.##..#.#..## #.# #
.....#.#.#.#.#.#.#.#.# #.# #
.....#.#...#..#...#..# #.# #
...).#.#..####.....#######.# #
.....#.#..+.....@.....'.##.######
.....#.#..####.....####.##.#.....
.....#.#...#..#...#..#.....#.####
.....#.#...#.#.#.#.#.#.#####.#
######.#.#.##..#.#..##.# #.# ..∩#
#.#.#..####.#####.# #.#
...###'###...###'# #.#####'####
.................# #.##........
..∩.............## #.##........


There were no monsters in sight!

Vanquished Creatures
  A dart slug (D:1)
  3 ball pythons (D:1)
  2 endoplasms (D:1)
  2 hobgoblins (D:1)
  4 jackals (D:1)
  A quokka (D:1)
  A bat (D:1)
  2 goblins (D:1)
  7 kobolds (D:1)
  2 rats (D:1)
25 creatures vanquished.

Notes
Turn   | Place    | Note
-------+----------+-------------------------------------------
     0 | D:1      | protoss039 the Demonspawn Earth Elementalist began the
                  | quest for the Orb.
     0 | D:1      | Reached XP level 1. HP: 13/13 MP: 3/3
   220 | D:1      | Gained mutation: Your touch may inflict minor irresistible
                  | damage on your foes. [demonic ancestry]
   220 | D:1      | Reached XP level 2. HP: 20/20 MP: 5/5
   234 | D:1      | HP: 1/20 [frozen (5)]
   321 | D:1      | Learned a level 2 spell: Passwall
   339 | D:1      | Reached skill level 1 in Fighting
   363 | D:1      | Found a faded altar of an unknown god.
   467 | D:1      | Reached skill level 1 in Transmutations
   467 | D:1      | Reached skill level 3 in Earth Magic
   780 | D:1      | Gained mutation: You are partially covered in sharp spines.
                  | [demonic ancestry]
   780 | D:1      | Reached XP level 3. HP: 13/26 MP: 2/6
   913 | D:$      | Got out of the dungeon alive.

Illustrated notes

Levels and vault maps discovered:
D:1:      nzn_arrival_crosshair, layout_basic,
          hellmonk_ecumenical_altar_arch_garden, chequers_serial_rivers_micro_b

Skill      XL: |  1  2 |
---------------+-------+-----
Fighting       | 1 |  1.3
Transmutations | 1 |  1.0
Earth Magic    | 3 |  3.1
Dodging        | |  1.7
Stealth        | |  1.7
Spellcasting   | |  2.5

Action                     || total
---------------------------++-------
  Melee: Dagger            ||    55
         Touch             ||     3
   Cast: Sandblast         ||     9
 Armour: Ring mail         ||    28
         Robe              ||     1
  Dodge: Dodged            ||    46

Table legend: (Time is in decaauts)
 A = Elapsed time spent in this place.
 B = Non-inter-level travel time spent in this place.
 C = Inter-level travel time spent in this place.
 D = Time resting spent in this place.
 E = Time spent auto-exploring this place.
 F = Levels seen in this place.
 G = Mean time per level.
                   A        B        C        D        E       F      G
               +--------+--------+--------+--------+--------+-----+--------+
         Total |    917 |    851 |     66 |     75 |    606 |   1 |  917.0 |
       Dungeon |    917 |    851 |     66 |     75 |    606 |   1 |  917.0 |
               +--------+--------+--------+--------+--------+-----+--------+

Top non-repeatable levels by time:
     D:1: 917 daAuts
